 Dungeon Crawl Stone Soup version 0.18-a0-401-g4081cbf (webtiles) character file.

681938 xeno23 the Divine Blade (level 26, 0/225 HPs)
             Began as a Demigod Air Elementalist on Nov 28, 2015.
             Slain by an iron troll (16 damage)
             ... on level 13 of a ziggurat on Nov 30, 2015.
             The game lasted 10:26:42 (73343 turns).

xeno23 the Divine Blade (Demigod Air Elementalist) Turns: 73343, Time: 10:26:42

Health: 0/225      AC: 36    Str: 31    XL:     26   Next: 69%
Magic:  27/44      EV: 25    Int: 26    God:
Gold:   3892       SH:  0    Dex: 21    Spells: 13 memorised, 5 levels left

rFire  + + +     SeeInvis +     H - +9 great sword (flame)
rCold  + + +     Clarity  .     E - +10 pearl dragon armour
rNeg   + + +     SustAt   +     (shield currently unavailable)
rPois  +         Gourm    .     D - -2 hat of the Alchemist {rElec rPois rF+ rC+ rN+ MR+ rMut rCorr}
rElec  +         Spirit   .     z - +2 cloak {rPois}
rCorr  +         Dsmss    .     f - +2 pair of gloves {Dex+3}
rMut   +         Stasis   .     I - +2 pair of boots {run}
MR     +++..                    (no amulet)
Stlth  +.........               N - ring of Greater Demons {rF++ rC+ SInv}
                                L - ring of Creativity {*Contam rC+ rN+ Str+6 Int+7}

@: lethally poisoned (0 -> 0), sluggish, very slightly contaminated,
regenerating, deflect missiles, very slow, extremely resistant to hostile
enchantments, very unstealthy
A: high mp 1, sustain attributes
a: no special abilities
}: 4/15 runes: decaying, serpentine, slimy, silver


You were on level 13 of a ziggurat.
You were very full.

You visited 10 branches of the dungeon, and saw 57 of its levels.
You visited the Abyss 1 time.
You visited 1 bazaar.
You visited 1 ziggurat, and saw 13 of its levels.
You also visited: Ossuary and Ice Cave.

You collected 10118 gold pieces.
You spent 6226 gold pieces at shops.

Inventory:

Hand Weapons
 j - a +2 triple sword of venom
 H - a +9 great sword of flaming (weapon)
 M - a +9 eudemon blade of holy wrath
Armour
 c - the +6 shield "Cafriaj" {+Inv}
   (You found it on level 10 of the Dungeon)

   It lets you turn invisible.
 f - a +2 pair of gloves of dexterity (worn)
 z - a +2 cloak of poison resistance (worn)
 D - the -2 hat of the Alchemist (worn) {rElec rPois rF+ rC+ rN+ MR+ rMut rCorr}
   (You found it on level 8 of a ziggurat)

   It protects you from fire.
   It protects you from cold.
   It insulates you from electricity.
   It protects you from poison.
   It protects you from negative energy.
   It affects your resistance to hostile enchantments.
   It protects you from acid and corrosion.
   It protects you from mutation.
 E - a +10 pearl dragon armour (worn)
 I - a +2 pair of boots of running (worn)
 O - the +3 hat of Pondering {ponderous, MR+ MP+10 Int+5}
   (You found it on level 5 of the Vaults)

   It affects your intelligence (+5).
   It affects your resistance to hostile enchantments.
   It affects your magic capacity (+10).
Jewellery
 h - an uncursed ring of flight
 t - the ring "Oqawad" {Dex+3 Slay+1}
   (You found it in an ice cave)

   [ring of slaying]

   It affects your dexterity (+3).
   It affects your accuracy and damage with ranged weapons and melee attacks
   (+1).
 F - the ring "Mulie" {rElec Int+9 Dex-2 Slay+2 Stlth+}
   (You found it on level 6 of a ziggurat)

   [ring of stealth]

   It affects your intelligence (+9).
   It affects your dexterity (-2).
   It affects your accuracy and damage with ranged weapons and melee attacks
   (+2).
   It insulates you from electricity.
   It makes you more stealthy.
 K - the amulet of the Four Winds {Clar rN+ MR+++}
   (You took it off a yaktaur on level 3 of the Vaults)

   [amulet of clarity]

   It provides mental clarity.
   It protects you from negative energy.
   It affects your resistance to hostile enchantments.
 L - the ring of Creativity (left hand) {*Contam rC+ rN+ Str+6 Int+7}
   (You found it on level 10 of a ziggurat)

   [ring of strength]

   It affects your strength (+6).
   It affects your intelligence (+7).
   It protects you from cold.
   It protects you from negative energy.
   It causes magical contamination when unequipped.
 N - the ring of Greater Demons (right hand) {rF++ rC+ SInv}
   (You found it on level 3 of the Elven Halls)

   [ring of see invisible]

   It greatly protects you from fire.
   It protects you from cold.
   It lets you see invisible.
 Z - an uncursed amulet of regeneration
Wands
 g - a wand of teleportation (4)
 q - a wand of disintegration (13)
 y - a wand of digging (8)
 J - a wand of teleportation (2)
 R - a wand of invisibility (4)
 U - a wand of heal wounds (3)
 Y - a wand of hasting (3)
Scrolls
 a - 15 scrolls of fear
 e - 19 scrolls of remove curse
 i - 13 scrolls of teleportation
 m - 28 scrolls of identify
 o - 9 scrolls of magic mapping
 p - 5 scrolls of summoning
 r - 3 scrolls of enchant armour
 s - 3 scrolls of fog
 G - 11 scrolls of recharging
 P - 3 scrolls of holy word
 X - 7 scrolls of blinking
Potions
 b - 8 potions of magic
 k - 2 potions of heal wounds
 l - 9 potions of might
 n - 6 potions of agility
 u - 8 potions of brilliance
 v - 19 potions of curing
 w - a potion of cure mutation
 A - 8 potions of haste
 B - 4 potions of invisibility
 T - 3 potions of cancellation
 V - 7 potions of berserk rage
 W - 5 potions of resistance
Books
 S - a book of Power

   Spells                             Type                      Level
   a - Fulminant Prism                Conjuration/Hexes            4
   b - Iskenderun's Mystic Blast      Conjuration                  4
   c - Venom Bolt                     Conjuration/Poison           5
   d - Bolt of Magma                  Conjuration/Fire/Earth       5
   e - Iron Shot                      Conjuration/Earth            6
   f - Orb of Destruction             Conjuration                  7
   g - Spellforged Servitor           Conjuration/Summoning        7
Miscellaneous
 C - a phial of floods
Comestibles
 d - 30 meat rations
 x - 36 fruits


   Skills:
 - Level 16.2 Fighting
 + Level 22.3 Long Blades
 - Level 15.6 Armour
 - Level 16.3 Dodging
 - Level 1.7 Stealth
 - Level 15.5 Shields
 - Level 11.9 Spellcasting
 - Level 13.8 Conjurations
 - Level 14.2 Charms
 - Level 2.7 Summonings
 - Level 4.4 Necromancy
 - Level 9.4 Translocations
 - Level 5.3 Fire Magic
 - Level 12.1 Air Magic


You had 5 spell levels left.
You knew the following spells:

 Your Spells              Type           Power        Failure   Level  Hunger
a - Shock                 Conj/Air       ####         1%          1    None
b - Swiftness             Chrm/Air       ######..     1%          2    None
c - Animate Skeleton      Necr           N/A          1%          1    None
d - Fireball              Conj/Fire      ######....   3%          5    ###....
e - Regeneration          Chrm/Necr      ######....   1%          3    None
f - Phase Shift           Tloc           ######....   4%          5    ###....
g - Blink                 Tloc           N/A          1%          2    None
h - Haste                 Chrm           ######..     3%          6    #####..
i - Delayed Fireball      Conj/Fire      N/A          92%         7    ######.
r - Deflect Missiles      Chrm/Air       ######....   6%          6    #####..
v - Summon Butterflies    Summ           ####....     2%          1    None
w - Lightning Bolt        Conj/Air       ######....   1%          5    ###....
x - Airstrike             Air            ######....   1%          4    None


Dungeon Overview and Level Annotations

Branches:
Dungeon (15/15)            Temple (0/1) D:6            Lair (8/8) D:8
  Swamp (4/4) Lair:5        Snake (4/4) Lair:4        Slime (6/6) Lair:6
    Orc (4/4) D:10            Elf (3/3) Orc:3        Vaults (5/5) D:13
  Crypt (3/3) Vaults:3       Tomb (0/3) Crypt:3      Depths (5/5) D:15
    Zot (0/5) Depths:5

Shops:
D:8 }   D:9 [%}}   Orc:3 %   Orc:4 :*=*   Elf:2 !   Vaults:1 }?   Vaults:3 !
Vaults:4 *   Depths:1 :

Portals:
Hell: Lair:8 Depths:1 Depths:2 Depths:3 Depths:4 Depths:5
Abyss: Depths:3 Depths:4
Pandemonium: Depths:3


Innate Abilities, Weirdness & Mutations

You have an increased reservoir of magic (+10% MP).
Your attributes are resistant to harm.


Message History

The moth of wrath goads the orc warrior on!
The orc warrior goes berserk!
Found an ornate deck of cards.
You take 12 damage.
The troll misses you. The troll claws you.
* * * LOW HITPOINT WARNING * * *
The troll closely misses you. The troll misses you.
The troll closely misses you. The troll misses you.
The red devil completely misses you.
The orc warrior rages.
The troll bites you but does no damage. The troll misses you.
The troll claws you.
* * * LOW HITPOINT WARNING * * *
The troll bites you but does no damage. The troll completely misses you.
The troll misses you.
The orc rages.
The ynoxinul gestures.
The iron troll completely misses you. The iron troll claws you!!
* * * LOW HITPOINT WARNING * * *
The iron troll claws you!
You die...

▓▓▓▓▓▓▓▓▓▓▓
▓▓....o....▓▓
▓▓.o3hoo§....▓▓
▓▓.oooyT.4.....▓
▓▓..oTo4TT......}▓
▓▓...oOooT@#.....![
▓▓...3.O3##§#§....:)
▓.))..oy.§5§§.....))
▓▓()....)§#§##....)}
▓▓3).....#Ooo....:)
▓▓......o.y... }
▓▓.....o..T..
▓▓..........
▓▓.........


You could see 2 orc warlords, 3 iron trolls, a soul eater, an orc high priest
(frenzied), an ogre mage (invisible), a moth of wrath, 2 trolls, a sixfirhy, a
ynoxinul, a chaos spawn, a warg (berserk), an orc sorcerer (frenzied), a red
devil, 2 orc warriors, an ogre (berserk), 7 orcs and an ufetubus.

Vanquished Creatures
  the royal jelly (Slime:6)
  3 ancient liches
  Khufu (Crypt:1)
  Mennas (Vaults:2)
  Sojobo (Crypt:1)
  3 greater mummies
  Boris (Depths:3)
  Frederick (Crypt:3)
  the Lernaean hydra (Swamp:3)
  Margery (Vaults:2)
  Norris (Elf:3)
  A pandemonium lord (Zig:12)
  3 golden dragons
  2 profane servitors (Crypt:3)
  Nikola (Elf:2)
  Jory (Vaults:2)
  A bone dragon (Zig:11)
  Jorgrun (Vaults:2)
  An Ice Fiend (Zig:12)
  Rupert (D:14)
  5 tentacled monstrosities
  7 liches
  4 titans
  2 quicksilver dragons (Vaults:5)
  3 deep elf blademasters
  2 deep elf master archers (Elf:3)
  The ghost of nublet the Earth Mage, an adept CeEE of Sif Muna (Swamp:2)
  An acid blob (shapeshifter) (Vaults:5)
  6 sphinxes
  15 acid blobs
  4 tentacled starspawn (Abyss:3)
  5 Executioners
  Gastronok (D:9)
  14 ancient champions
  6 storm dragons
  Agnes (Snake:1)
  6 thorn hunters
  Kirke (Snake:1)
  10 tengu reavers
  9 fire giants
  5 revenants
  2 daevas (Depths:3)
  A draconian monk (Depths:5)
  13 greater nagas
  5 shadow dragons
  17 vault wardens
  Wiglaf (Elf:3)
  12 azure jellies
  Donald (Vaults:4)
  8 frost giants
  6 deep elf sorcerers
  An emperor scorpion (Zig:7)
  An iron dragon (Depths:4)
  Aizul (Snake:1)
  3 cacodemons (Zig:12)
  2 orc warlords
  A caustic shrike zombie (Crypt:1)
  3 balrugs
  5 curse skulls
  A juggernaut zombie (Crypt:3)
  2 ghost moths (Zig:3)
  19 ironheart preservers
  2 angels (Depths:3)
  5 vampire knights
  A warmonger (Zig:12)
  27 very ugly things
  2 spriggan defenders (Depths:5)
  A reaper (Crypt:2)
  21 stone giants
  3 war gargoyles
  5 deep elf demonologists (Elf:3)
  A blood saint (Zig:12)
  A black draconian (Depths:5)
  A chaos champion (Zig:12)
  2 corrupters (Zig:12)
  2 white draconians
  A dire elephant (Lair:8)
  A purple draconian (Abyss:3)
  2 yellow draconians (Depths:5)
  9 spark wasps
  6 deep elf annihilators
  2 blizzard demons
  5 eidola
  28 ettins
  2 crystal guardians (Depths:3)
  4 mummy priests
  25 yaktaur captains
  12 deep elf death magi
  A merfolk javelineer (Depths:4)
  16 jiangshi
  37 vault guards
  2 green deaths
  13 death oozes (Slime:6)
  7 fire dragons
  Josephine (D:13)
  11 great orbs of eyes
  30 hydras
  9 deep elf high priests
  An ice dragon (shapeshifter) (Vaults:5)
  2 rakshasas
  4 ghost crabs
  6 entropy weavers
  A death knight (Abyss:3)
  6 spriggan air magi
  27 naga warriors
  A hydra (shapeshifter) (Depths:5)
  11 ogre magi
  9 ice dragons
  A ghost crab (shapeshifter) (Depths:2)
  12 anacondas
  A catoblepas (Lair:8)
  12 centaur warriors
  A queen ant (shapeshifter) (Vaults:4)
  7 tengu warriors
  14 death yaks
  20 dancing weapons
  8 vampire magi
  10 alligators
  An iron giant skeleton (Crypt:1)
  4 spriggan berserkers
  6 deep troll shamans
  25 small abominations
  6 deep troll earth magi
  3 thrashing horrors (Abyss:3)
  A titan zombie (Crypt:3)
  A storm dragon zombie (D:15)
  2 shock serpents (Snake:3)
  3 soul eaters
  2 fire crabs
  23 large abominations
  14 hell knights
  12 orc high priests
  Sonja (Lair:3)
  Nergalle (Orc:2)
  28 deep elf knights
  25 naga sharpshooters
  3 sun demons
  A hell hog (Abyss:3)
  3 wretched stars (Abyss:3)
  8 shadow wraiths
  4 salamander mystics
  23 skeletal warriors
  5 spriggan druids
  3 spatial maelstroms (Abyss:3)
  11 flayed ghosts
  3 giant orange brains
  A storm dragon skeleton (Crypt:2)
  2 unseen horrors
  2 death scarabs (Zig:8)
  An iron troll (Zig:6)
  2 sea snakes (shapeshifter)
  10 swamp dragons
  A giant orange brain (shapeshifter) (Vaults:5)
  5 harpies
  4 shambling mangroves
  An unseen horror (shapeshifter) (Vaults:4)
  8 naga ritualists
  7 phantasmal warriors
  2 wizards
  2 anubis guards (Zig:8)
  33 deep trolls
  16 orc knights
  12 deep elf summoners
  5 hill giants
  69 ugly things
  2 orb spiders
  9 necromancers
  A shadow dragon skeleton (D:15)
  A wolf spider zombie (Crypt:2)
  4 wolf spiders
  An iron dragon zombie (Crypt:3)
  30 ironbrand convokers
  25 deep elf conjurers
  3 cyclopes
  3 oklob plants (Zig:6)
  A wolf spider (shapeshifter) (Vaults:5)
  A stone giant zombie (D:15)
  A cyclops (shapeshifter) (Elf:1)
  8 orc sorcerers
  14 mana vipers
  8 griffons
  5 hornets
  15 salamanders
  5 shining eyes
  A manticore (shapeshifter) (Depths:5)
  3 sixfirhies
  A moth of wrath (Zig:13)
  2 shock serpent zombies (Crypt:3)
  A worldbinder (Abyss:3)
  A fire giant skeleton (Zig:1)
  Maurice (D:11)
  15 elephants
  5 gargoyles
  2 apocalypse crabs (Abyss:3)
  An eye of devastation (Slime:3)
  A torpor snail (Lair:5)
  An ice statue (IceCv)
  6 guardian serpents
  6 orange demons (Lair:8)
  20 vault sentinels
  An octopode (shapeshifter) (Vaults:5)
  3 centaur skeletons
  23 naga magi
  4 smoke demons (Abyss:3)
  A demonic crawler (Zig:7)
  18 komodo dragons
  21 spiny frogs
  3 kobold demonologists
  5 fire drakes
  A hellwing (Lair:8)
  2 tormentors
  33 black mambas
  68 yaktaurs
  An ice devil (Lair:8)
  An efreet (D:15)
  A yaktaur (shapeshifter) (Depths:2)
  5 guardian mummies (Zig:8)
  3 ancient zymes (Abyss:3)
  A red draconian skeleton (Crypt:2)
  The ghost of cireshan the Conjurer, a novice DECj (D:4)
  A hydra zombie (Crypt:2)
  23 deep elf priests
  A wind drake (shapeshifter) (Elf:1)
  11 trolls
  5 red devils
  5 tengu conjurers
  11 freezing wraiths
  5 giant leeches
  19 polar bears
  4 jumping spiders
  2 fire drakes (shapeshifter)
  A hydra skeleton (Crypt:2)
  18 two-headed ogres
  6 boulder beetles
  9 raiju
  54 blink frogs
  7 bog bodies
  An ice dragon zombie (D:15)
  A griffon zombie (Crypt:3)
  3 trapdoor spiders (Zig:7)
  15 air elementals
  An ettin zombie (Crypt:3)
  75 slime creatures
  2 wyverns
  A black mamba zombie (Crypt:2)
  2 hornet zombies
  18 wraiths
  A yak (shapeshifter) (Vaults:5)
  11 water elementals
  19 redbacks
  3 shadows
  6 tarantellas
  7 vampires
  4 ynoxinuls (Abyss:3)
  A redback (shapeshifter) (Zig:9)
  An alligator skeleton (Crypt:3)
  A hippogriff (shapeshifter) (Vaults:3)
  A fire bat (D:8)
  5 hippogriffs
  4 golden eyes
  A hungry ghost (D:13)
  8 spriggans
  A golden eye (shapeshifter) (Vaults:3)
  Grum (Lair:1)
  2 basilisks
  A fire bat (shapeshifter) (Vaults:5)
  37 deep elf magi
  A hog (Snake:1)
  80 yaks
  5 neqoxecs
  4 chaos spawn
  A hill giant skeleton (Crypt:3)
  A human (shapeshifter) (Depths:2)
  13 insubstantial wisps
  2 spatial vortices (Abyss:3)
  32 deep elf fighters
  30 vampire mosquitoes
  3 hell hounds
  A glowing shapeshifter zombie (Crypt:2)
  23 swamp worms
  53 wolves
  80 nagas
  13 porcupines
  13 water moccasins
  3 eyes of draining
  9 wargs
  14 swamp drakes
  A putrid demonspawn skeleton (Crypt:3)
  17 ice beasts
  3 sky beasts
  39 orc warriors
  An anubis guard zombie (Crypt:2)
  29 centaurs
  14 wasps
  41 ogres
  2 boggarts (Crypt:2)
  21 crocodiles
  A necrophage (D:9)
  A blink frog skeleton (Crypt:3)
  A big kobold (shapeshifter) (Vaults:1)
  21 giant frogs
  3 big kobolds
  A komodo dragon skeleton (Crypt:1)
  3 earth elementals
  A wyvern zombie (D:11)
  2 water moccasin zombies
  2 wyvern skeletons (D:10)
  A cyclops skeleton (Crypt:3)
  4 scorpions
  A water moccasin skeleton (D:6)
  3 human simulacra
  20 killer bees
  3 spriggan skeletons
  3 quasits
  13 wights
  A giant frog zombie (D:12)
  36 orc priests
  3 lava snakes (Snake:2)
  15 starcursed masses (Abyss:3)
  23 jellies
  4 giant frog skeletons
  Crazy Yiuf (D:4)
  A black bear zombie (Crypt:1)
  4 centaur zombies
  11 crimson imps
  A gnoll shaman (D:6)
  4 iron imps
  41 orc wizards
  A wasp zombie (D:13)
  2 human zombies (Ossuary)
  A basilisk skeleton (Crypt:2)
  4 hounds
  14 iguanas
  12 hell rats (Lair:2)
  A troll simulacrum (Abyss:3)
  5 worker ants
  28 sheep
  A big kobold zombie (Ossuary)
  A deep dwarf skeleton (Crypt:1)
  2 hound zombies
  A naga skeleton (Crypt:2)
  A hound skeleton (D:7)
  8 mummies
  16 gnolls
  65 river rats
  8 adders
  3 shadow imps
  4 white imps
  An ufetubus (D:15)
  5 oozes
  4 adder zombies (Ossuary)
  2 worms
  3 adder skeletons
  An iguana zombie (Crypt:1)
  4 giant geckos
  239 orcs
  4 ball pythons
  3 giant cockroaches
  6 goblins
  8 hobgoblins
  8 jackals
  16 kobolds
  3 quokkas
  A river rat zombie (Crypt:2)
  A ball python zombie (Crypt:2)
  15 bats
  A giant gecko zombie (D:8)
  8 giant newts
  2 gnoll skeletons (Crypt:2)
  2 goblin zombies (Ossuary)
  5 hobgoblin zombies (Ossuary)
  A jackal zombie (Ossuary)
  A kobold simulacrum (Crypt:3)
  A kobold skeleton (Abyss:3)
  3 kobold zombies (Ossuary)
  2 orc zombies (Ossuary)
  A quokka skeleton (D:5)
  7 quokka zombies (Ossuary)
  21 rats
  5 rat zombies
  4 briar patches (Swamp:3)
  2 fungi
  7 starspawn tentacles (Abyss:3)
3266 creatures vanquished.

Vanquished Creatures (collateral kills)
  A yak (Lair:8)
1 creature vanquished.

Vanquished Creatures (others)
  2 tengu reavers (Vaults:5)
  A stone giant (Vaults:3)
  An ettin (Depths:3)
  A rakshasa (Depths:2)
  2 hydras (Swamp:4)
  A ghost crab (Swamp:4)
  An alligator (Swamp:3)
  A thrashing horror (Abyss:3)
  4 deep elf knights
  2 spriggan druids
  A swamp dragon (Swamp:4)
  A deep elf conjurer (Elf:1)
  A hornet (Swamp:4)
  Psyche (D:12)
  A deep elf priest (Elf:2)
  A blink frog (Swamp:3)
  A giant leech (Swamp:2)
  3 spriggans
  A deep elf fighter (Elf:1)
  A wolf (IceCv)
  A deep elf mage (Elf:2)
  A human (Snake:2)
  5 insubstantial wisps (Swamp:3)
  7 swamp drakes
  An orc warrior (Elf:1)
  3 wasps
  An orc wizard (D:13)
  A jelly (Slime:3)
  3 river rats (Lair:7)
  5 orcs
  2 briar patches (Swamp:3)
  20 fungi
  6 lost souls
  10 plants
  9 starspawn tentacles (Abyss:3)
  57 starspawn tentacle segments (Abyss:3)
160 creatures vanquished.

Grand Total: 3427 creatures vanquished

Notes
Turn   | Place    | Note
--------------------------------------------------------------
     0 | D:1      | xeno23 the Demigod Air Elementalist began the quest for the Orb.
     0 | D:1      | Reached XP level 1. HP: 14/14 MP: 5/5
    51 | D:1      | Reached skill level 1 in Conjurations
   205 | D:1      | Reached XP level 2. HP: 12/20 MP: 3/7
   339 | D:1      | Reached skill level 3 in Air Magic
   630 | D:2      | Found a deep blue altar of Sif Muna.
   703 | D:2      | Reached XP level 3. HP: 19/26 MP: 2/9
  1333 | D:3      | Reached XP level 4. HP: 31/33 MP: 6/10
  1533 | D:3      | Found a shimmering altar of Xom.
  1533 | D:3      | Found a shimmering altar of Xom.
  1534 | D:3      | Found a shimmering altar of Xom.
  1619 | D:3      | Found a faded altar to an unknown god.
  1764 | D:3      | Learned a level 2 spell: Swiftness
  1767 | D:3      | Learned a level 2 spell: Repel Missiles
  1771 | D:3      | Learned a level 3 spell: Static Discharge
  2003 | D:4      | Noticed cireshan's ghost (novice DECj)
  2025 | D:4      | Reached XP level 5. HP: 11/38 MP: 3/12
  2086 | D:4      | Found a shimmering altar of Xom.
  2206 | D:4      | Found an iron altar of Okawaru.
  2294 | D:4      | Found a sand-covered staircase.
  2321 | Ossuary  | Entered an ossuary
  2756 | Ossuary  | Reached skill level 4 in Air Magic
  3185 | Ossuary  | Reached XP level 6. HP: 41/45 MP: 9/14
  3718 | D:4      | Killed cireshan's ghost
  3718 | D:4      | Reached skill level 1 in Fighting
  3718 | D:4      | Reached skill level 1 in Armour
  3718 | D:4      | Reached skill level 1 in Charms
  3718 | D:4      | Reached XP level 7. HP: 28/52 MP: 0/16
  3808 | D:4      | Noticed Crazy Yiuf
  3818 | D:4      | Killed Crazy Yiuf
  4032 | D:5      | Entered Level 5 of the Dungeon
  4039 | D:5      | Learned a level 5 spell: Lightning Bolt
  4187 | D:5      | Found a deep blue altar of Sif Muna.
  4424 | D:5      | Found a white marble altar of Elyvilon.
  4446 | D:5      | Found a white marble altar of Elyvilon.
  4551 | D:5      | Reached XP level 8. HP: 55/60 MP: 17/17
  4693 | D:6      | Found a snail-covered altar of Cheibriados.
  4733 | D:6      | Reached skill level 5 in Air Magic
  4930 | D:6      | Found a sparkling altar of Nemelex Xobeh.
  4945 | D:6      | Found a staircase to the Ecumenical Temple.
  5668 | D:7      | Found a white marble altar of Elyvilon.
  5697 | D:7      | Reached skill level 5 in Conjurations
  5914 | D:7      | Reached skill level 5 in Armour
  5914 | D:7      | Reached skill level 5 in Spellcasting
  5932 | D:7      | Reached XP level 9. HP: 53/69 MP: 20/20
  5961 | D:7      | Reached skill level 1 in Long Blades
  6491 | D:8      | Noticed a purple ugly thing
  6842 | D:8      | Found a staircase to the Lair.
  6852 | D:8      | Reached skill level 6 in Air Magic
  6883 | D:8      | Found Betzit's Gadget Boutique.
  6922 | D:8      | Bought a wand of teleportation (3) for 252 gold pieces
  7007 | D:8      | Found a runed door.
  7598 | D:9      | Killed a purple ugly thing
  7621 | D:9      | Found a bloodstained altar of Trog.
  7703 | D:9      | Found Rusunwa's Gadget Shop.
  7723 | D:9      | Noticed Gastronok
  7756 | D:10     | Entered Level 10 of the Dungeon
  7771 | D:10     | Reached XP level 10. HP: 38/78 MP: 14/21
  7878 | D:10     | Gained mutation: You are frail (-10% HP). [potion of mutation]
  7878 | D:10     | Gained mutation: You are dopey. (Int -2) [potion of mutation]
  7879 | D:10     | Lost mutation: You are frail (-10% HP). [potion of cure mutation]
  7879 | D:10     | Lost mutation: You are dopey. (Int -2) [potion of cure mutation]
  8058 | D:10     | Got a steaming shield
  8065 | D:10     | Identified the +6 shield "Cafriaj" {+Inv} (You found it on level 10 of the Dungeon)
  8256 | D:10     | Reached skill level 1 in Shields
  8366 | D:10     | Noticed a hill giant
  8385 | D:9      | Found Ucla's Food Boutique.
  8385 | D:9      | Found Uzahel's Gadget Boutique.
  8474 | D:9      | Killed Gastronok
  8474 | D:9      | Reached skill level 7 in Armour
  8662 | D:9      | Found Ytiv's Antique Armour Boutique.
  8720 | D:9      | Found a radiant altar of Vehumet.
  8969 | D:8      | Found an opulent altar of Gozag.
  9092 | D:8      | Learned a level 3 spell: Regeneration
  9094 | D:8      | Learned a level 1 spell: Animate Skeleton
  9097 | D:8      | Found a glowing golden altar of the Shining One.
  9097 | D:8      | Found a stormy altar of Qazlal.
  9140 | D:8      | Found a white marble altar of Elyvilon.
  9188 | D:8      | Found a shimmering altar of Xom.
  9234 | D:8      | Found an opulent altar of Gozag.
  9270 | D:8      | Noticed a flayed ghost
  9395 | D:8      | Killed a flayed ghost
  9395 | D:8      | Reached skill level 1 in Necromancy
  9444 | D:8      | Got a distressingly furry plate armour
  9455 | D:8      | Identified the +10 plate armour "Abui" {rF+ Stlth+} (You found it on level 8 of the Dungeon)
  9495 | Lair:1   | Entered Level 1 of the Lair of Beasts
  9548 | Lair:1   | Noticed Grum
  9570 | Lair:1   | Reached XP level 11. HP: 58/84 MP: 11/22
  9582 | Lair:1   | Killed Grum
  9932 | Lair:1   | Reached skill level 5 in Shields
  9969 | Lair:1   | Noticed a four-headed hydra
  9976 | Lair:1   | Killed a four-headed hydra
 10511 | Lair:1   | Reached skill level 8 in Armour
 11160 | Lair:2   | Reached skill level 5 in Long Blades
 12406 | Lair:3   | Noticed a four-headed hydra
 12408 | Lair:3   | Noticed Sonja
 12432 | Lair:3   | Reached XP level 12. HP: 91/91 MP: 11/23
 12991 | Lair:3   | Killed Sonja
 13113 | Lair:3   | Found a frozen archway.
 13122 | IceCv    | Entered an ice cave
 13455 | IceCv    | Identified a scroll of acquirement
 13528 | IceCv    | Learned a level 5 spell: Fireball
 14344 | IceCv    | Reached skill level 9 in Armour
 14353 | IceCv    | Got a vibrating amber ring
 14450 | IceCv    | Identified the ring "Oqawad" {Dex+3 Slay+1} (You found it in an ice cave)
 14744 | IceCv    | Got a pair of jewelled boots
 14750 | IceCv    | Identified the +0 pair of boots "Weysuoh" {rPois rN+ rCorr Str-3} (You found it in an ice cave)
 14902 | IceCv    | Noticed a white draconian
 14922 | IceCv    | Killed a white draconian
 14944 | IceCv    | Reached XP level 13. HP: 62/99 MP: 8/27
 15074 | IceCv    | Identified Luloes's Tome of the Lethal Glacier
 15548 | Lair:3   | Reached skill level 5 in Dodging
 16055 | Lair:3   | Reached skill level 5 in Fighting
 16371 | Lair:4   | Found a staircase to the Snake Pit.
 16444 | Lair:4   | Found a glowing golden altar of the Shining One.
 17299 | Lair:5   | Found a staircase to the Swamp.
 18020 | Lair:6   | Found a staircase to the Slime Pits.
 18032 | Lair:6   | Found a burning altar of Makhleb.
 19104 | Lair:7   | Reached skill level 10 in Long Blades
 19304 | Lair:7   | Reached XP level 14. HP: 84/111 MP: 28/28
 20035 | Lair:8   | Entered Level 8 of the Lair of Beasts
 20143 | Lair:8   | Gained mutation: Your natural rate of healing is unusually fast. [potion of mutation]
 20143 | Lair:8   | Gained mutation: You are frail (-10% HP). [potion of mutation]
 20143 | Lair:8   | Gained mutation: You are weak. (Str -2) [potion of mutation]
 20265 | Lair:8   | Reached skill level 11 in Long Blades
 20884 | Lair:8   | Found a burning altar of Makhleb.
 21620 | Lair:8   | Reached skill level 12 in Long Blades
 21734 | Lair:8   | Found a gateway to Hell.
 21956 | Lair:1   | Lost mutation: You are weak. (Str -2) [potion of cure mutation]
 21956 | Lair:1   | Lost mutation: You are frail (-10% HP). [potion of cure mutation]
 21956 | Lair:1   | Lost mutation: Your natural rate of healing is unusually fast. [potion of cure mutation]
 22151 | D:10     | Got a faintly humming hat
 22162 | D:10     | Identified the +0 hat of Diwaffun {+Inv} (You acquired it on level 10 of the Dungeon)
 22250 | D:10     | Found a staircase to the Orcish Mines.
 22266 | D:10     | Found a roughly hewn altar of Beogh.
 22519 | Orc:1    | Entered Level 1 of the Orcish Mines
 22885 | Orc:2    | Noticed Nergalle
 22948 | Orc:2    | Killed Nergalle
 22994 | Orc:2    | Found a roughly hewn altar of Beogh.
 23452 | Orc:3    | Found Satitu's Food Shop.
 23513 | Orc:3    | Reached XP level 15. HP: 115/123 MP: 29/29
 23551 | Orc:3    | Found a roughly hewn altar of Beogh.
 23619 | Orc:3    | Found a staircase to the Elven Halls.
 24313 | Orc:4    | Entered Level 4 of the Orcish Mines
 24800 | Orc:4    | Found Ifrusad's Assorted Antiques.
 24881 | Orc:4    | Paralysed by an orc sorcerer for 2 turns
 25159 | Orc:4    | Found Kemouwn's General Store.
 25164 | Orc:4    | Found Solatomm's Book Emporium.
 25166 | Orc:4    | Found Nedwozon's Jewellery Boutique.
 25189 | Orc:4    | Bought a scroll of teleportation for 48 gold pieces
 25189 | Orc:4    | Bought a scroll of identify for 32 gold pieces
 25189 | Orc:4    | Bought a scroll of magic mapping for 56 gold pieces
 25189 | Orc:4    | Bought a potion of might for 64 gold pieces
 25189 | Orc:4    | Bought a potion of invisibility for 128 gold pieces
 25189 | Orc:4    | Bought a scroll of summoning for 152 gold pieces
 25189 | Orc:4    | Bought a potion of agility for 64 gold pieces
 25192 | Orc:4    | Bought a scroll of identify for 68 gold pieces
 25192 | Orc:4    | Bought a curved ivory wand for 136 gold pieces
 25192 | Orc:4    | Bought a potion of heal wounds for 170 gold pieces
 25192 | Orc:4    | Bought a scroll of identify for 68 gold pieces
 25192 | Orc:4    | Bought a scroll of blinking for 255 gold pieces
 25192 | Orc:4    | Bought a brass ring for 170 gold pieces
 25198 | Orc:4    | Bought a silvery potion for 30 gold pieces
 25198 | Orc:4    | Bought a scroll of recharging for 323 gold pieces
 25572 | D:11     | Noticed Maurice
 25576 | D:11     | Killed Maurice
 25585 | D:11     | Reached skill level 13 in Long Blades
 25621 | D:11     | Found a glowing golden altar of the Shining One.
 26485 | D:12     | Noticed Psyche
 26489 | D:12     | Killed Psyche
 26922 | D:13     | Noticed Josephine
 26929 | D:13     | Killed Josephine
 26955 | D:13     | Paralysed by an ogre mage for 7 turns
 26962 | D:13     | HP: 6/126 [yaktaur (1)]
 26984 | D:13     | Reached skill level 10 in Dodging
 27553 | D:13     | Found a gate to the Vaults.
 27741 | D:14     | Reached skill level 10 in Fighting
 28149 | D:14     | Noticed Rupert
 28170 | D:14     | Killed Rupert
 28170 | D:14     | Reached skill level 14 in Long Blades
 28493 | D:15     | Entered Level 15 of the Dungeon
 28778 | D:15     | Found a staircase to the Depths.
 29000 | D:15     | Reached XP level 16. HP: 130/134 MP: 28/30
 29596 | Lair:1   | Gained mutation: You are robust (+10% HP). [potion of beneficial mutation]
 29725 | Swamp:1  | Entered Level 1 of the Swamp
 29926 | Swamp:1  | HP: 7/148 [poison (poison gas)]
 29931 | Swamp:1  | HP: 7/148 [poison (poison gas)]
 30767 | Swamp:2  | Noticed nublet's ghost (adept CeEE)
 30777 | Swamp:2  | Killed nublet's ghost
 31473 | Swamp:3  | Reached skill level 10 in Armour
 31786 | Swamp:3  | Reached skill level 15 in Long Blades
 32227 | Swamp:3  | Got a fine falchion
 32252 | Swamp:4  | Entered Level 4 of the Swamp
 33277 | Swamp:4  | Noticed the 27-headed Lernaean hydra
 33872 | Swamp:4  | Got a decaying rune of Zot
 33996 | Swamp:3  | Killed the 27-headed Lernaean hydra
 34264 | Snake:1  | Entered Level 1 of the Snake Pit
 34333 | Snake:1  | Reached XP level 17. HP: 151/158 MP: 28/32
 34375 | Snake:1  | Noticed Kirke
 34701 | Snake:1  | Noticed Aizul
 34744 | Snake:1  | Killed Aizul
 34777 | Snake:1  | Noticed Agnes
 34786 | Snake:1  | Killed Agnes
 34786 | Snake:1  | Reached skill level 5 in Charms
 35248 | Snake:1  | Killed Kirke
 36693 | Snake:3  | Reached skill level 16 in Long Blades
 37057 | Snake:3  | Found a snail-covered altar of Cheibriados.
 37753 | Snake:4  | Entered Level 4 of the Snake Pit
 38888 | Snake:4  | Reached XP level 18. HP: 158/169 MP: 32/35
 40390 | Snake:4  | Got a serpentine rune of Zot
 40662 | Lair:1   | Upgraded the game from 0.18-a0-337-g1235303 to 0.18-a0-373-gaf408bd
 40704 | Lair:1   | Learned a level 6 spell: Deflect Missiles
 40876 | Orc:4    | Bought a book of Minor Magic for 280 gold pieces
 40879 | Orc:4    | Learned a level 2 spell: Blink
 40979 | Elf:1    | Entered Level 1 of the Elven Halls
 41020 | Elf:1    | Reached skill level 17 in Long Blades
 42064 | Elf:2    | Found a runed gate.
 42068 | Elf:2    | Found a runed gate.
 42070 | Elf:2    | Found a runed gate.
 42086 | Elf:2    | Found Kestuv's Distillery.
 42264 | Elf:2    | Noticed Nikola
 42294 | Elf:2    | Killed Nikola
 42294 | Elf:2    | Reached skill level 10 in Charms
 42294 | Elf:2    | Reached XP level 19. HP: 111/178 MP: 32/36
 42381 | Elf:2    | Bought a potion of heal wounds for 65 gold pieces
 42381 | Elf:2    | Bought a potion of heal wounds for 65 gold pieces
 42381 | Elf:2    | Bought a potion of curing for 39 gold pieces
 42381 | Elf:2    | Bought a potion of magic for 104 gold pieces
 42381 | Elf:2    | Bought a potion of beneficial mutation for 455 gold pieces
 42381 | Elf:2    | Bought a potion of curing for 39 gold pieces
 42381 | Elf:2    | Bought a potion of invisibility for 104 gold pieces
 42381 | Elf:2    | Bought a potion of invisibility for 104 gold pieces
 42381 | Elf:2    | Gained mutation: You have sharp toenails. [potion of beneficial mutation]
 43245 | Elf:3    | Entered Level 3 of the Elven Halls
 43518 | Elf:3    | Noticed Wiglaf
 43530 | Elf:3    | Killed Wiglaf
 44029 | Elf:3    | Noticed Norris
 44082 | Elf:3    | Killed Norris
 44188 | Elf:3    | Cast into level 3 of the Abyss (a deep elf sorcerer)
 44884 | Abyss:3  | Gained mutation: You often lose your temper in combat. [a neqoxec]
 45030 | Abyss:3  | Got a slimy tin amulet
 45038 | Abyss:3  | Identified the amulet "Weytokum" {rMut rC+} (You found it on level 3 of the Abyss)
 45165 | Abyss:3  | HP: 4/179 [something (25)]
 45681 | Abyss:3  | Reached skill level 18 in Long Blades
 45968 | Elf:3    | Escaped the Abyss
 46009 | Elf:3    | Reached XP level 20. HP: 128/188 MP: 37/37
 46819 | Elf:3    | Got a warped ruby amulet
 46821 | Elf:3    | Identified the amulet "Wotsim" {rCorr Dex+4} (You found it on level 3 of the Elven Halls)
 46867 | Elf:3    | Got a coiled granite ring
 46873 | Elf:3    | Identified the ring of Greater Demons {rF++ rC+ SInv} (You found it on level 3 of the Elven Halls)
 47110 | Lair:1   | Learned a level 6 spell: Haste
 47370 | Vaults:1 | Entered Level 1 of the Vaults
 47408 | Vaults:1 | Found Pauchoerph's Magic Scroll Emporium.
 47416 | Vaults:1 | Bought a scroll of summoning for 142 gold pieces
 47416 | Vaults:1 | Bought a scroll of holy word for 112 gold pieces
 47416 | Vaults:1 | Bought a scroll of teleportation for 45 gold pieces
 47416 | Vaults:1 | Bought a scroll of teleportation for 45 gold pieces
 48821 | Vaults:1 | Found Eddem's Gadget Shoppe.
 48833 | Vaults:1 | Bought a wand of fire (2) for 240 gold pieces
 49330 | Vaults:2 | Noticed Jory
 49366 | Vaults:2 | Killed Jory
 49420 | Vaults:2 | Noticed Jorgrun
 49440 | Vaults:2 | Killed Jorgrun
 49865 | Vaults:2 | Paralysed by an orc sorcerer for 3 turns
 49890 | Vaults:2 | Noticed Margery
 49961 | Vaults:2 | Killed Margery
 49961 | Vaults:2 | Reached skill level 1 in Translocations
 49975 | Vaults:2 | Reached XP level 21. HP: 159/198 MP: 35/39
 49986 | Vaults:2 | Reached skill level 19 in Long Blades
 50486 | Vaults:2 | Noticed Mennas
 50521 | Vaults:2 | Killed Mennas
 51754 | Vaults:3 | Found Mihiamou's Distillery.
 51758 | Vaults:3 | Bought a potion of might for 60 gold pieces
 51758 | Vaults:3 | Bought a potion of cancellation for 120 gold pieces
 51758 | Vaults:3 | Bought a potion of agility for 60 gold pieces
 51758 | Vaults:3 | Bought a potion of brilliance for 60 gold pieces
 51758 | Vaults:3 | Bought a potion of heal wounds for 75 gold pieces
 51758 | Vaults:3 | Bought a potion of magic for 120 gold pieces
 51758 | Vaults:3 | Bought a potion of curing for 45 gold pieces
 51758 | Vaults:3 | Bought a potion of berserk rage for 75 gold pieces
 51758 | Vaults:3 | Bought a potion of curing for 45 gold pieces
 51758 | Vaults:3 | Bought a potion of haste for 150 gold pieces
 51852 | Vaults:3 | Found a staircase to the Crypt.
 52634 | Vaults:4 | Noticed Donald
 52648 | Vaults:4 | Killed Donald
 52836 | Vaults:4 | Found Feorrem's General Store.
 52844 | Vaults:4 | Bought 2 potions of cancellation for 272 gold pieces
 53437 | Vaults:5 | Entered Level 5 of the Vaults
 53659 | Vaults:4 | Reached XP level 22. HP: 201/209 MP: 35/41
 53686 | Vaults:5 | Reached skill level 10 in Spellcasting
 54032 | Vaults:5 | Reached skill level 10 in Conjurations
 54095 | Vaults:5 | Got a twitching glass ring
 54111 | Vaults:5 | Identified the cursed ring "Kuuvouz" {+Inv rN+ Int-2} (You found it on level 5 of the Vaults)
 54231 | Vaults:5 | Learned a level 4 spell: Airstrike
 54308 | Vaults:5 | Noticed an ancient lich
 54355 | Vaults:5 | Killed an ancient lich
 54355 | Vaults:5 | Reached skill level 10 in Air Magic
 54590 | Vaults:5 | Identified Saby's Catalogue of the Damaging Traveller
 54788 | Vaults:5 | Identified Jokhiem's Volume of Glacial Malediction
 54843 | Vaults:5 | Reached skill level 20 in Long Blades
 55008 | Vaults:5 | Reached skill level 15 in Fighting
 55363 | Vaults:5 | Reached XP level 23. HP: 119/218 MP: 28/43
 55576 | Vaults:5 | Reached skill level 15 in Dodging
 55625 | Vaults:5 | Got a flickering lead ring
 55626 | Vaults:5 | Identified the ring "Kiutt" {Ice Int+3 Dex+3} (You took it off a vault sentinel on level 5 of the Vaults)
 55681 | Vaults:5 | Got a silver rune of Zot
 55918 | Vaults:5 | Identified the Volume of Darkness and Air
 56981 | Depths:1 | Entered Level 1 of the Depths
 57195 | Depths:1 | Found a shattered altar of Ashenzari.
 57444 | Depths:1 | Found Bathi's Book Emporium.
 58825 | Depths:2 | Reached skill level 5 in Translocations
 59176 | Depths:2 | Reached skill level 1 in Fire Magic
 59373 | Depths:2 | Identified a +0 pair of boots of running (You found it on level 2 of the Depths)
 59565 | Depths:3 | Found a gateway to a ziggurat.
 59566 | Depths:3 | Found a flickering gateway to a bazaar.
 59573 | Bazaar   | Entered a bazaar
 59592 | Bazaar   | Found Vuest's Distillery.
 59624 | Bazaar   | Found Yparhun's Distillery.
 59628 | Bazaar   | Bought a potion of curing for 39 gold pieces
 59628 | Bazaar   | Bought a potion of heal wounds for 65 gold pieces
 59628 | Bazaar   | Bought a potion of might for 52 gold pieces
 59664 | Bazaar   | Found Leatusac's Gadget Shoppe.
 59689 | Bazaar   | Found Dotzawan's Gadget Shoppe.
 59717 | Bazaar   | Bought a wand of teleportation (4) for 192 gold pieces
 59733 | Bazaar   | Bought a potion of brilliance for 36 gold pieces
 59733 | Bazaar   | Bought a potion of berserk rage for 45 gold pieces
 59733 | Bazaar   | Bought a potion of haste for 90 gold pieces
 59733 | Bazaar   | Bought a potion of resistance for 90 gold pieces
 59733 | Bazaar   | Bought a potion of curing for 27 gold pieces
 59733 | Bazaar   | Bought a potion of resistance for 90 gold pieces
 59733 | Bazaar   | Bought a potion of brilliance for 36 gold pieces
 59733 | Bazaar   | Bought 2 potions of might for 72 gold pieces
 59761 | Bazaar   | Bought a potion of berserk rage for 65 gold pieces
 59815 | Depths:3 | Found a one-way gate to the infinite horrors of the Abyss.
 59909 | Depths:3 | Got a dazzling plate armour
 59910 | Depths:3 | Identified the +6 plate armour of a bazaar {rElec} (You found it on level 3 of the Depths)
 60829 | Depths:3 | Found a one-way gate leading to the halls of Pandemonium.
 61081 | Depths:3 | Noticed Boris
 61100 | Depths:3 | Killed Boris
 61100 | Depths:3 | Reached XP level 24. HP: 149/227 MP: 44/44
 61260 | Depths:3 | Noticed an ancient lich
 61289 | Depths:3 | Killed an ancient lich
 61441 | Depths:3 | Reached skill level 15 in Armour
 62366 | Depths:4 | Found an iron altar of Okawaru.
 62497 | Depths:4 | Reached skill level 21 in Long Blades
 63178 | Depths:5 | Entered Level 5 of the Depths
 63448 | Depths:5 | Found a gate to the Realm of Zot.
 64910 | Lair:1   | Learned a level 5 spell: Phase Shift
 64927 | Lair:1   | Learned a level 7 spell: Delayed Fireball
 65053 | Slime:1  | Entered Level 1 of the Pits of Slime
 65195 | Slime:2  | Gained mutation: Your spells are a little easier to cast, but a little less powerful. [a shining eye]
 65377 | Slime:6  | Entered Level 6 of the Pits of Slime
 65493 | Slime:6  | Noticed the royal jelly
 65672 | Slime:6  | Killed the royal jelly
 65672 | Slime:6  | Reached XP level 25. HP: 192/237 MP: 39/44
 65708 | Slime:5  | Gained mutation: Scrolls take you a little longer to read. [a shining eye]
 65767 | Slime:5  | Reached skill level 5 in Fire Magic
 66383 | Slime:6  | Identified the Tome of Snow
 66464 | Slime:6  | Identified the Volume of Combat Magic and Evil
 66478 | Slime:6  | Got a slimy rune of Zot
 66735 | Lair:1   | Lost mutation: Your spells are a little easier to cast, but a little less powerful. [potion of cure mutation]
 66735 | Lair:1   | Lost mutation: Scrolls take you a little longer to read. [potion of cure mutation]
 66735 | Lair:1   | Lost mutation: You are robust (+10% HP). [potion of cure mutation]
 66736 | Lair:1   | Lost mutation: You tend to lose your temper in combat. [potion of cure mutation]
 66736 | Lair:1   | Lost mutation: You have sharp toenails. [potion of cure mutation]
 67077 | Crypt:1  | Entered Level 1 of the Crypt
 67123 | Crypt:1  | Noticed Sojobo
 67148 | Crypt:1  | Killed Sojobo
 67229 | Crypt:1  | Noticed Khufu
 67665 | Crypt:1  | Killed Khufu
 68531 | Crypt:2  | Found a deep blue altar of Sif Muna.
 69031 | Crypt:2  | Learned a level 1 spell: Summon Butterflies
 69189 | Crypt:2  | Got a steaming lead amulet
 69197 | Crypt:2  | Identified the amulet of Wamirig {Ward rN+ Stlth+} (You took it off a vampire mage on level 2 of the Crypt)
 69301 | Crypt:2  | Identified Joyjygir's Papyrus of Summoning and Translocation
 69423 | Crypt:3  | Entered Level 3 of the Crypt
 69626 | Crypt:3  | Reached skill level 10 in Shields
 69947 | Crypt:3  | Noticed Frederick
 69983 | Crypt:3  | Killed Frederick
 69991 | Crypt:3  | Killed the ghostly Frederick
 70061 | Crypt:3  | Found a staircase to the Tomb.
 70277 | Crypt:3  | Found an ancient bone altar of Kikubaaqudgha.
 70278 | Crypt:3  | Found a basalt altar of Yredelemnul.
 70308 | Crypt:3  | Reached XP level 26. HP: 172/223 MP: 44/44
 70362 | Crypt:3  | Identified the Compendium of Stolen Souls
 70435 | Crypt:3  | Identified Gaho's Volume of Creative Transmigration (You found it on level 3 of the Crypt)
 70648 | Vaults:1 | Bought a scroll of identify for 30 gold pieces
 70648 | Vaults:1 | Bought a scroll of identify for 30 gold pieces
 70648 | Vaults:1 | Bought a scroll of identify for 30 gold pieces
 70648 | Vaults:1 | Bought a scroll of brand weapon for 300 gold pieces
 71352 | Zig:1    | Entered Level 1 of a ziggurat
 71378 | Zig:2    | Entered Level 2 of a ziggurat
 71412 | Zig:3    | Entered Level 3 of a ziggurat
 71451 | Zig:4    | Entered Level 4 of a ziggurat
 71507 | Zig:5    | Entered Level 5 of a ziggurat
 71553 | Zig:6    | Entered Level 6 of a ziggurat
 71744 | Zig:6    | Got an ancient brass ring
 71748 | Zig:6    | Identified the ring "Mulie" {rElec Int+9 Dex-2 Slay+2 Stlth+} (You found it on level 6 of a ziggurat)
 71752 | Zig:7    | Entered Level 7 of a ziggurat
 71826 | Zig:7    | Got a slimy plate armour
 71837 | Zig:7    | Identified the +1 plate armour of Diptutoc {Int+2} (You acquired it on level 7 of a ziggurat)
 71892 | Zig:7    | Gained mutation: Scrolls take you a little longer to read. [potion of mutation]
 71892 | Zig:7    | Gained mutation: You are clumsy. (Dex -2) [potion of mutation]
 71892 | Zig:7    | Gained mutation: You are partially covered in iridescent scales (AC +4). [potion of mutation]
 71893 | Zig:7    | Lost mutation: Scrolls take you a little longer to read. [potion of cure mutation]
 71893 | Zig:7    | Lost mutation: You are clumsy. (Dex -2) [potion of cure mutation]
 71893 | Zig:7    | Lost mutation: You are partially covered in iridescent scales (AC +4). [potion of cure mutation]
 71898 | Zig:8    | Entered Level 8 of a ziggurat
 72047 | Zig:8    | Identified the Compendium of Ignition and Conjuration
 72059 | Zig:8    | Upgraded the game from 0.18-a0-373-gaf408bd to 0.18-a0-401-g4081cbf
 72147 | Zig:9    | Entered Level 9 of a ziggurat
 72173 | Zig:9    | Reached skill level 1 in Summonings
 72252 | Zig:9    | Identified Sif Muna's Disquisition on Viperous Malediction
 72277 | Zig:10   | Entered Level 10 of a ziggurat
 72525 | Zig:10   | Got a pitted glass ring
 72526 | Zig:10   | Identified the ring of Creativity {*Contam rC+ rN+ Str+6 Int+7} (You found it on level 10 of a ziggurat)
 72554 | Zig:11   | Entered Level 11 of a ziggurat
 72564 | Zig:11   | Noticed an ancient lich
 72608 | Zig:11   | Killed an ancient lich
 72608 | Zig:11   | Reached skill level 15 in Shields
 72663 | Zig:11   | Identified Erreecw's Grimoire of Spatial Hexes
 72670 | Zig:11   | Got a scorched amethyst amulet
 72672 | Zig:11   | Identified the amulet of Suohirel {Dsmss *Contam Str-2 Int+3 Dex+4} (You found it on level 11 of a ziggurat)
 72688 | Zig:11   | Identified the Catalogue of Protection
 72959 | Zig:12   | Entered Level 12 of a ziggurat
 72977 | Zig:12   | Noticed Plog the pandemonium lord
 72998 | Zig:12   | Killed Plog the pandemonium lord
 73023 | Zig:12   | Reached skill level 22 in Long Blades
 73227 | Zig:13   | Entered Level 13 of a ziggurat
 73343 | Zig:13   | Slain by an iron troll

Vault maps used:
D:1:      matt_arrival_los_fun
D:2:      old_standard_altar
D:3:      first_bread, ecumenical_altar_2, xom_redecorated
D:4:      okawaru_gym_becter, enter_ossuary_4, lemuel_statue_altar,
          uniq_crazy_yiuf_cottage
D:5:      kennysheep_little_box, grunt_ministairs_4, hangedman_feature_mirror
D:6:      old_standard_altar, overflow_temple_1_default,
          minmay_temple_entry_nine_rooms
D:7:      basic_altar, dk_noncrumbling_4, the_bakery
D:8:      due_megacathedral, lair_0_dummy, kennysheep_windowed_goal
D:9:      vehumet_crystals, bloody_trog, serial_shops, shop_statue,
          nicolae_shop_competitors_out_of_business, shop, shop, uniq_gastronok
D:10:     minmay_orc_entry_temple_small, special_room,
          kennysheep_generic_room_13
D:11:     st_stairs_1, nicolae_tso_carved_into_rock, uniq_maurice
D:12:     kennysheep_generic_room_12, uniq_psyche
D:13:     hangedman_vaults_entry_quadrant_bands, uniq_josephine
D:14:     minmay_splitting_lines, minivault_19, uniq_rupert
D:15:     gammafunk_depths_entry_grave, serial_ice, serial_ice_h, serial_ice_b,
          serial_ice_e, serial_ice_c, minmay_tree_intersection
Lair:1:   uniq_grum
Lair:2:   lemuel_ratsnest
Lair:3:   portal_ice_cave_entry_ice_beasts, beast_lair_carwin_7, uniq_sonja
Lair:4:   guppyfry_snake_entry_garden, basic_altar
Lair:5:   swamp_mist_pool
Lair:6:   nicolae_slime_entry_slimehenge, basic_altar, serial_bayou_pond_b,
          minmay_holes, beast_lair_carwin_6
Lair:7:   grunt_megastairs_4
Lair:8:   evil_forest, bh_autumn_forest_stairs
Swamp:1:  infiniplex_staircase_pool_2
Swamp:2:  serial_swamp_ruin, evilmike_swamp_ruin_rubble_1,
          evilmike_swamp_ruin_house_3, swamp_pool2
Swamp:3:  nicolae_swamp_trees_clearing
Swamp:4:  swamp_old_school
Snake:1:  uniq_agnes, uniq_aizul, uniq_kirke
Snake:2:  nicolae_snake_lava_pool
Snake:3:  basic_altar
Snake:4:  grunt_snake_rune_spirals, grunt_ministairs_7
Slime:2:  basic_altar
Orc:2:    mines2_david, uniq_nergalle
Orc:3:    serial_shops, shop, nicolae_orc_pool_cavern, kennysheep_orc_chapel
Orc:4:    st_orc_elflike
Elf:1:    hangedman_elven_crosses_minicolossus, minmay_misc_feat_pillars,
          guppyfry_library_mini
Elf:2:    serial_shops, shop, uniq_nikola
Elf:3:    elf_hall, uniq_norris, uniq_wiglaf
Vaults:1: vaults_room_door_ring, ontoclasm_vaults_decontamination, v_misc_23,
          nicolae_vaults_circle_grid_a, vaults_mumra_hex, grunt_vaults_focal,
          ontoclasm_vaults_eye, vaults_standard_mumra_enter_the_diamond,
          serial_shops, shop, nicolae_shop_waterfront
Vaults:2: hangedman_vaults_stretched_pinwheel, v_pattern_3,
          hangedman_vaults_stretched_pinwheel, ontoclasm_vaults_tryst,
          v_misc_11, nicolae_vaults_little_squares_2, vaults_room_fours,
          hangedman_vaults_snaps, uniq_mennas, uniq_jory, uniq_margery,
          uniq_jorgrun
Vaults:3: grunt_vaults_twisty, v_misc_31, minmay_crypt_entry_simple_round,
          vaults_dpeg_ring, ontoclasm_vaults_chip, st_octagons_2, v_misc_15,
          ontoclasm_vaults_hangar, nicolae_vaults_circle_grid_a,
          v_alt_pattern_6, hangedman_vaults_trim, hangedman_vaults_impose,
          nicolae_vaults_angled_halls, serial_shops, nicolae_shop_trees
Vaults:4: hangedman_vaults_slice, ontoclasm_vaults_loading_screen,
          nicolae_vaults_little_squares_4, hangedman_vaults_capsules, v_misc_16,
          hangedman_vaults_nails, hangedman_vaults_trim, v_misc_1,
          vaults_room_pool, v_misc_4, nicolae_vaults_little_squares_4,
          vaults_room_guarded_vault, ontoclasm_vaults_idyll, serial_shops, shop,
          uniq_donald
Crypt:1:  uniq_khufu, uniq_sojobo
Crypt:2:  hangedman_summoners_spam, grunt_megastairs_2
Crypt:3:  lightli_unholy_cathedral, uniq_frederick
Depths:1: hell_entry, lemuel_crystal_altar, serial_shops, kennysheep_mini_moat,
          lemuel_nasty_fountain
Depths:2: little_maze_vault, hangedman_decor_riveting, hellmouth_1,
          minmay_misc_feat_rugged
Depths:3: constructs_gauntlet_mu_hangedman, enter_ziggurat_c, pf_coc_iceberg,
          abyss_entry, kennysheep_cluttered_room, serial_shops,
          bzr_entry_customers, rand_demon_pan_entry_1, serial_bayou_pond_b,
          st_stairs_14, infiniplex_staircase_zigzag_3
Depths:4: kennysheep_big_flooded_room, minmay_room_of_horrors, hell_entry,
          lemuel_crystal_altar
Depths:5: evilmike_zot_entry_basic, hangedman_glass_teeth, hell_entry,
          roderic_bali_sauvastika, hangedman_decor_slide_cut, minivault_11
Abyss:3:  hangedman_abyss_rune_macabre_mess
Zig:6:    ziggurat_pillar_centre_oklobs
Zig:12:   ziggurat_pillar_centre_dead_trees
Zig:13:   ziggurat_pillar_centre_smoke
Bazaar:   dpeg_bazaar_wands
Ossuary:  minmay_ossuary_two_tombs
IceCv:    ice_cave_caverns_02

Action                   |  1- 3 |  4- 6 |  7- 9 | 10-12 | 13-15 | 16-18 | 19-21 | 22-24 | 25-27 || total
-------------------------+-------+-------+-------+-------+-------+-------+-------+-------+-------++-------
Melee: Unarmed           |    35 |       |       |     1 |       |     6 |       |       |       ||    42
       Long sword        |       |    76 |       |       |       |       |       |       |       ||    76
       Mace              |       |       |    12 |    74 |       |       |       |       |       ||    86
       Short sword       |       |       |   292 |   522 |       |       |       |       |       ||   814
       Lajatang          |       |       |       |   263 |    10 |       |       |       |       ||   273
       Great sword       |       |       |       |       |  2109 |  2238 |  2549 |  2637 |   595 || 10128
       Demon blade       |       |       |       |       |       |   125 |       |       |       ||   125
       Eudemon blade     |       |       |       |       |       |       |       |       |  1023 ||  1023
       Triple sword      |       |       |       |       |       |       |       |       |     3 ||     3
 Fire: Blowgun           |       |    16 |     7 |    62 |       |       |       |       |       ||    85
 Cast: Shock             |    88 |   149 |   175 |   234 |    78 |     5 |       |    24 |       ||   753
       Static Discharge  |       |     5 |       |    40 |    46 |    18 |     1 |       |       ||   110
       Repel Missiles    |       |     2 |     2 |     1 |     6 |    36 |     3 |       |       ||    50
       Lightning Bolt    |       |       |       |    46 |    55 |    23 |     8 |    14 |    13 ||   159
       Swiftness         |       |       |       |     4 |     3 |     1 |       |     4 |     7 ||    19
       Regeneration      |       |       |       |    64 |   143 |   215 |   153 |   184 |    98 ||   857
       Fireball          |       |       |       |     5 |       |       |       |     1 |     2 ||     8
       Deflect Missiles  |       |       |       |       |       |     2 |    24 |    13 |     6 ||    45
       Haste             |       |       |       |       |       |       |     8 |    21 |    16 ||    45
       Blink             |       |       |       |       |       |       |     2 |     5 |     5 ||    12
       Airstrike         |       |       |       |       |       |       |       |    19 |     9 ||    28
       Phase Shift       |       |       |       |       |       |       |       |     1 |     4 ||     5
       Summon Butterflie |       |       |       |       |       |       |       |       |     5 ||     5
       Delayed Fireball  |       |       |       |       |       |       |       |       |     1 ||     1
 Abil: Evoke Flight      |       |       |       |       |       |       |       |     5 |       ||     5
Evoke: Wand              |       |       |     4 |    12 |       |    10 |     8 |     8 |     9 ||    51
  Use: Scroll            |       |    11 |    14 |    11 |    18 |    19 |     5 |    20 |    25 ||   123
       Potion            |       |     1 |     1 |     8 |     5 |     9 |    13 |     4 |    14 ||    55
 Stab: Sleeping          |     3 |     2 |       |       |       |       |       |       |       ||     5
       Distracted        |       |       |       |     1 |     1 |       |       |       |       ||     2
       Confused          |       |       |       |       |       |     1 |       |       |       ||     1
       Invisible         |       |       |       |       |       |       |     1 |       |       ||     1
  Eat: Chunk             |       |     4 |    13 |    29 |    77 |    29 |    60 |    60 |       ||   272
       Pizza             |       |     1 |       |     3 |     1 |     5 |     1 |     4 |     4 ||    19
       Bread ration      |       |     1 |       |     2 |     1 |     6 |     4 |       |     5 ||    19
       Fruit             |       |       |       |     2 |       |       |     1 |     2 |       ||     5
       Beef jerky        |       |       |       |     1 |       |     2 |       |       |     4 ||     7
       Meat ration       |       |       |       |     1 |       |       |       |     1 |     1 ||     3
       Royal jelly       |       |       |       |       |       |       |       |     2 |     7 ||     9
